 Dungeon Crawl Stone Soup version 0.21-a0-380-gd65dc97 (webtiles) character file.

21 Kavrick the Insei (level 3, 0/26 HPs)
             Began as a Human Transmuter on Oct 17, 2017.
             Slain by a worm (4 damage)
             ... on level 2 of the Dungeon.
             The game lasted 00:01:40 (1153 turns).

Kavrick the Insei (Human Transmuter)                Turns: 1153, Time: 00:01:41

Health: 0/26       AC:  4    Str: 11    XL:     3   Next: 5%
Magic:  6/6        EV: 12    Int: 13    God:
Gold:   49         SH:  0    Dex: 13    Spells: 5/6 levels left

rFire    . . .     SeeInvis .     - Unarmed
rCold    . . .     Gourm    .   (no shield)
rNeg     . . .     Faith    .   h - +0 leather armour
rPois    .         Spirit   .   (no helmet)
rElec    .         Reflect  .   (no cloak)
rCorr    .         Harm     .   k - +0 pair of gloves
MR       .....                  (no boots)
Stlth    +.........             (no amulet)
HPRegen  0.08/turn              (no ring)
MPRegen  0.10/turn              (no ring)

@: no status effects
A: no striking features
a: no special abilities


You were on level 2 of the Dungeon.
You were not hungry.

You visited 1 branch of the dungeon, and saw 2 of its levels.

You collected 49 gold pieces.

Inventory:

Missiles
 a - 12 arrows
 l - 44 stones (quivered)
Armour
 h - a +0 leather armour (worn)
 k - a +0 pair of gloves (worn)
Scrolls
 g - a scroll of identify {unknown}
 i - a scroll of recharging {unknown}
Potions
 e - a potion of haste {unknown}
Books
 c - a book of Changes

   Spells                             Type                      Level
   a - Beastly Appendage              Transmutation                1
   b - Sticks to Snakes               Transmutation                2
   c - Spider Form                    Transmutation/Poison         3
   d - Ice Form                       Ice/Transmutation            4
   e - Blade Hands                    Transmutation                5
Comestibles
 b - 7 chunks of flesh
 d - a bread ration
 f - 3 fruits
 j - 2 meat rations


   Skills:
 + Level 1.2 Fighting
 + Level 0.1 Armour
 - Level 2.1 Dodging
 * Level 3.2 Unarmed Combat
 + Level 2.1 Spellcasting
 * Level 2.5 Transmutations


You had 5 spell levels left.
You knew the following spells:

 Your Spells              Type           Power        Failure   Level  Hunger
a - Beastly Appendage     Tmut           #.....       12%         1    ##.....


Dungeon Overview and Level Annotations

Branches:
Dungeon (2/15)

Altars:


Message History

The worm is moderately wounded.
The worm bites you.
You are too injured to fight recklessly!
You are too injured to fight recklessly!
You are too injured to fight recklessly!
You barely miss the worm.
The worm is lightly wounded.
You hit the worm.
The worm is moderately wounded.
The worm bites you.
You hit the worm.
The worm is moderately wounded.
You hit the worm.
The worm is heavily wounded.
The worm bites you.
* * * LOW HITPOINT WARNING * * *
You hit the worm.
The worm is severely wounded.
The worm bites you.
You die...

# ##### #. ((..#
$###.##(..### .#
.......(....########.#
.....(.............#
#..w....# >....#
####@..# # #.##.#
#......# #.###.##.#
##.#...###.##...#.#
#................#
####.......##...#.#
#.....#.##.###..#.#
#####.#.##.###..#<#
#....##).....#.#
#.#......#.....###


You could see a worm.

Vanquished Creatures
  A worm (D:2)
  A dart slug (D:1)
  A leopard gecko (D:1)
  A giant cockroach (D:1)
  2 goblins (D:2)
  3 hobgoblins
  A ball python (D:2)
  A bat (D:1)
  3 kobolds (D:1)
  A rat (D:1)
15 creatures vanquished.

Notes
Turn   | Place    | Note
-------+----------+-------------------------------------------
     0 | D:1      | Kavrick the Human Transmuter began the quest for the Orb.
     0 | D:1      | Reached XP level 1. HP: 15/15 MP: 3/3
   323 | D:1      | Reached XP level 2. HP: 21/21 MP: 5/5
  1113 | D:2      | Reached XP level 3. HP: 25/26 MP: 6/6
  1153 | D:2      | Slain by a worm

Vault maps used:
D:1:      mrwooster_arrival_statue_2, minmay_tetromino_i4
D:2:      nicolae_qazlal_general_emergency, marbit_many_paths,
          serial_bayou_crossing, uniq_crazy_yiuf_cottage, uniq_terence

Action                   || total
-------------------------++-------
Melee: Unarmed           ||    74
       Punch             ||     2
Throw: Stone             ||     9
  Eat: Chunk             ||     1
Armor: Robe              ||     9
Dodge: Dodged            ||    44

Table legend:
 A = Spawn XP
 B = Non-spawn XP
 C = Spawn XP percentage of total XP
 D = Spawn monster count
 E = Non-spawn monster count
 F = Spawn count percentage of total count
 G = Total turns spent on level
                    A         B        C        D         E        F      G
               +---------+---------+-------+---------+---------+-------+---------
         Total |       0 |      31 |   0.0 |       0 |      15 |   0.0 |  1153
               +---------+---------+-------+---------+---------+-------+---------
           D:1 |       0 |      19 |   0.0 |       0 |      10 |   0.0 |   866
           D:2 |       0 |      12 |   0.0 |       0 |       5 |   0.0 |   287
               +---------+---------+-------+---------+---------+-------+---------
